Map: King Sejong Station LE

Players

Ultra - Winner!

  • Race: Zerg Zerg
  • League: Platinum
  • Spawn Location: 11:00

Amix

  • Race: Protoss Protoss
  • League: Platinum
  • Spawn Location: 5:00

VOD

Have the link to the VOD?

Description

Time

  • Played on: Nov. 6, 2016, 12:30 p.m.
  • Length: 7:35
Show
View Real Time Build Order
Export as new Build Order

Ultra Zerg - Winner!

Build Orders: Hatch First 

Get SALT Encoding   

  12  0:01  Drone  
  13  0:12  Overlord  
  13  0:17  Drone  
  14  0:30  Drone x2  
  14  0:34  Drone  
  17  0:55  Hatchery  
  17  0:56  Drone  
  17  1:10  Spawning Pool  
  16  1:13  Extractor  
  16  1:15  Drone  
  16  1:18  Drone  
  16  1:21  Drone  
  18  1:34  Drone  
  18  1:39  Overlord  
  19  1:50  Drone  
  20  1:57  Queen  
  20  2:00  Zergling x2  
  23  2:07  Queen  
  23  2:08  Drone  
  26  2:22  Drone x2  
  28  2:24  Drone  
  28  2:27  Metabolic Boost  
  29  2:42  Overlord  
  29  2:44  Drone x3  
  32  3:01  Zergling x2  
  32  3:02  Zergling x4  
  35  3:09  Zergling x8  
  39  3:28  Drone x2  
  39  3:29  Drone x3  
  44  3:48  Overlord x3  
  44  4:03  Hatchery  
  43  4:22  Drone  
  43  4:23  Drone x3, Extractor  
  46  4:30  Drone x3  
  49  4:34  Roach Warren  
  49  4:35  Drone x3, Extractor  
  50  4:50  Queen  
  52  5:04  Evolution Chamber  
  52  5:05  Lair, Evolution Chamber  
  52  5:06  Drone  
  52  5:07  Drone x3  
  54  5:14  Roach x2  
  54  5:15  Roach x4  
  54  5:19  Queen  
  54  5:20  Drone x2  
  70  5:35  Spore Crawler  
  70  5:38  Drone, Spine Crawler  
  69  5:49  Drone x3  
  70  6:08  Roach  
  70  6:09  Glial Reconstitution  
  70  6:10  Overlord  
  70  6:11  Overlord x5  
  72  6:25  Spore Crawler  
  71  6:29  Spine Crawler  
  71  6:31  Roach x2  
  71  6:32  Roach x7  
  90  6:33  Roach  
  90  6:49  Roach x3  
  92  7:24  Spine Crawler  
Show
View Real Time Build Order
Export as new Build Order

Amix Protoss 

Build Orders:  

Get SALT Encoding   

  12  0:03  Probe (Chrono Boost)  
  13  0:15  Pylon  
  13  0:19  Probe (Chrono Boost)  
  14  0:29  Probe (Chrono Boost)  
  15  0:35  Gateway  
  15  0:45  Probe (Chrono Boost)  
  15  0:49  Assimilator  
  16  0:54  Assimilator  
  16  0:56  Probe (Chrono Boost)  
  17  1:07  Probe (Chrono Boost)  
  18  1:20  Probe (Chrono Boost)  
  19  1:25  Cybernetics Core  
  19  1:28  Zealot  
  21  1:33  Pylon  
  21  1:47  Probe (Chrono Boost)  
  22  1:58  Probe (Chrono Boost)  
  23  2:06  Warp Gate (Chrono Boost)  
  24  2:08  Probe  
  24  2:11  Adept  
  26  2:18  Pylon  
  26  2:23  Twilight Council  
  26  2:36  Pylon  
  26  2:37  Mothership Core  
  28  2:49  Adept  
  30  2:55  Gateway  
  30  3:04  Resonating Glaives (Chrono Boost)  
  30  3:10  Probe  
  30  3:12  Gateway  
  30  3:54  Probe  
  31  4:06  Probe  
  31  4:17  Adept x3  
  37  4:32  Pylon  
  37  4:34  Pylon  
  37  4:36  Pylon  
  37  4:37  Pylon  
  37  4:41  Gateway  
  37  4:43  Adept  
  37  4:44  Gateway  
  39  4:59  Adept x2  
  43  5:10  Adept  
  45  5:27  Adept x2  
  49  5:39  Adept  
  49  5:40  Adept x2  
  55  6:01  Adept x4  
  55  6:02  Adept  
  65  6:27  Adept  
  65  6:28  Adept x2  
  49  7:15  Adept x5  
Tags
 
Add a new tag
Caveats
  • Supply blocks, unpowered buildings, or Contaminate may cause inaccurate times.
  • Supply counts are checked every 10 seconds.